 Dungeon Crawl Stone Soup version 0.21.1-1-g345015f (webtiles) character file.

1507 lydgate the Purveyor of Pain (level 8, -5/56 HPs)
             Began as a Mummy Necromancer on Feb 12, 2018.
             Was an Initiate of Kikubaaqudgha.
             Slain by a hog (8 damage)
             ... on level 6 of the Dungeon on Feb 13, 2018.
             The game lasted 00:47:51 (7624 turns).

lydgate the Purveyor of Pain (Mummy Necromancer)    Turns: 7624, Time: 00:47:52

Health: -5/56      AC:  5    Str: 12    XL:     8   Next: 53%
Magic:  2/18       EV: 13    Int: 16    God:    Kikubaaqudgha [......]
Gold:   307        SH:  0    Dex: 12    Spells: 6/20 levels left

rFire    x . .     SeeInvis .   d - +0 flail
rCold    + + .     Gourm    .   (no shield)
rNeg     + + +     Faith    .   l - +0 robe
rPois    ∞         Spirit   .   (no helmet)
rElec    .         Reflect  .   (no cloak)
rCorr    .         Harm     .   (no gloves)
MR       ++...                  v - +2 pair of boots
Stlth    ++........             c - amulet of regeneration
HPRegen  0.58/turn              s - ring of protection from magic
MPRegen  0.16/turn              u - ring of protection from cold

@: no status effects
A: no food or potions, fire vulnerability, cold resistance 1, negative energy
resistance 3, torment resistance, unbreathing
a: Renounce Religion


You were on level 6 of the Dungeon.
You worshipped Kikubaaqudgha.
Kikubaaqudgha was noncommittal.
You were not hungry.

You visited 2 branches of the dungeon, and saw 8 of its levels.

You collected 307 gold pieces.

Inventory:

Hand Weapons
 d - a +0 flail (weapon)
 h - a +1 hunting sling
 p - a +2 antimagic flail
Missiles
 i - 134 stones (quivered)
Armour
 a - a +0 buckler
 l - a +0 robe (worn)
 v - a +2 pair of boots (worn)
Magical Staves
 n - an uncursed staff of earth
Jewellery
 c - an amulet of regeneration (around neck)
 s - a ring of protection from magic (left hand)
 u - a ring of protection from cold (right hand)
Wands
 r - a wand of enslavement (15)
 x - a wand of random effects (18)
Scrolls
 e - 3 scrolls of teleportation
 f - a scroll of magic mapping {unknown}
 g - a scroll of enchant armour {unknown}
 j - 5 scrolls of identify
 k - 3 scrolls of remove curse
 m - a scroll of summoning {unknown}
 o - a scroll of blinking
 q - a scroll of enchant weapon
 t - a scroll of noise {unknown}
 w - a scroll of random uselessness {unknown}
Books
 b - a book of Necromancy

   Spells                             Type                      Level
   a - Pain                           Necromancy                   1
   b - Animate Skeleton               Necromancy                   1
   c - Vampiric Draining              Necromancy                   3
   d - Regeneration                   Charms/Necromancy            3
   e - Animate Dead                   Necromancy                   4
   f - Borgnjor's Vile Clutch         Necromancy/Earth             5


   Skills:
 - Level 2.2 Fighting
 + Level 3.0 Maces & Flails
 - Level 0.2(0.3) Slings
 - Level 0.3(0.4) Throwing
 + Level 3.3 Dodging
 - Level 1.5 Stealth
 + Level 6.7 Spellcasting
 + Level 6.9 Necromancy
 * Level 3.3 Earth Magic


You had 6 spell levels left.
You knew the following spells:

 Your Spells              Type           Power        Failure   Level  Hunger
a - Pain                  Necr           ####         1%          1    N/A
b - Animate Skeleton      Necr           N/A          1%          1    N/A
c - Vampiric Draining     Necr           ####......   2%          3    N/A
d - Animate Dead          Necr           N/A          7%          4    N/A
e - Borgnjor's Vile Clut  Necr/Erth      ###.......   38%         5    N/A

Dungeon Overview and Level Annotations

Branches:
Dungeon (7/15)             Temple (1/1) D:6

Altars:
Ashenzari
Cheibriados
Elyvilon
Fedhas
Gozag
Hepliaklqana
Kikubaaqudgha
Makhleb
Nemelex Xobeh
Okawaru
Qazlal
Ru
Sif Muna
Trog
Uskayaw
Vehumet
Xom
Yredelemnul
Zin
The Shining One

Annotations:
D:4 Pikel


Innate Abilities, Weirdness & Mutations

You do not eat or drink.
Your flesh is vulnerable to fire.
You are immune to poison.
Your flesh is cold resistant. (rC+)
You are immune to negative energy. (rN+++)
You are immune to unholy pain and torment.
You can survive without breathing.


Message History

The hog writhes in agony!
The hog misses you.
Casting: Pain
Confirm with . or Enter, or press ? or * to list all spells.
Aiming: Pain
Press: ? - help, Shift-Dir - straight line, f/p - hog
Aim: a hog (heavily wounded, chance to defeat MR: 84%)
The hog writhes in agony!
The hog bites you. The hog barely misses you. The hog bites you!
You climb upwards.
There is a stone staircase leading down here.
You barely miss the hog.
The hog is severely wounded.
The hog bites you! x2
* * * LOW HITPOINT WARNING * * *
The hog bites you!
* * * LOW HITPOINT WARNING * * *
The hog barely misses you. The hog bites you!
You die...
Kikubaaqudgha rasps: "You have failed me!
Welcome... oblivion!"

#.############.#.#.....
#......<.......#.#.####
################.#....'
#.......######
########'######.....#
#.........# #.....#
#.........# #.....#
#.........# #.....#
#...@.....# #.....#
#...h.....# #......
#.........# #.....#
#....>....# ###.##.
#.........# #.##.
##'######## #.##. #.#
#.### #.# #.### #.#
#.#..


You could see a hog.

Vanquished Creatures
  A hippogriff (D:7)
  Grinder (D:6)
  Duvessa (D:4)
  An orc warrior (D:6)
  An ogre (D:7)
  A slave (D:3)
  A centaur (D:5)
  A scorpion (D:7)
  3 killer bees
  A crimson imp (D:5)
  2 orc priests
  2 iguanas
  2 orc wizards
  A worker ant (D:5)
  3 hound skeletons
  A worker ant zombie (D:5)
  7 gnolls
  6 adders
  An ooze (D:3)
  3 worms
  4 dart slugs
  2 leopard geckos
  10 orcs
  A ball python (D:2)
  3 giant cockroaches
  2 goblins (D:2)
  10 hobgoblins
  8 kobolds
  2 quokkas
  9 bats
  4 frilled lizards
  4 rats
99 creatures vanquished.

Vanquished Creatures (collateral kills)
  A bullfrog (D:7)
  Dowan (D:4)
  A crimson imp (D:7)
  A centaur skeleton (D:7)
  An adder zombie (D:7)
  2 dart slugs
  3 orcs
  A goblin (D:3)
  A quokka (D:4)
  A bat (D:3)
  A frilled lizard (D:4)
14 creatures vanquished.

Grand Total: 113 creatures vanquished

Notes
Turn   | Place    | Note
-------+----------+-------------------------------------------
     0 | D:1      | lydgate the Mummy Necromancer began the quest for the Orb.
     0 | D:1      | Reached XP level 1. HP: 13/13 MP: 4/4
    16 | D:1      | Noticed a four-headed hydra
    16 | D:1      | Noticed a worker ant
    16 | D:1      | Noticed a salamander
    17 | D:1      | Noticed a black bear
   271 | D:1      | Reached XP level 2. HP: 18/19 MP: 1/5
   378 | D:1      | Learned a level 1 spell: Animate Skeleton
   779 | D:2      | Found a burning altar of Makhleb.
   797 | D:2      | Reached XP level 3. HP: 24/24 MP: 1/7
  1087 | D:2      | Learned a level 3 spell: Vampiric Draining
  1457 | D:2      | Reached skill level 5 in Necromancy
  1660 | D:2      | Reached skill level 1 in Fighting
  1660 | D:2      | Reached XP level 4. HP: 23/32 MP: 3/9
  1906 | D:3      | Learned a level 4 spell: Animate Dead
  2122 | D:3      | Reached XP level 5. HP: 37/37 MP: 2/11
  2204 | D:3      | Found a snail-covered altar of Cheibriados.
  2734 | D:4      | Found a white marble altar of Elyvilon.
  2736 | D:5      | Entered Level 5 of the Dungeon
  3071 | D:4      | Noticed Duvessa
  3176 | D:4      | Noticed a slave
  3176 | D:4      | Noticed a slave
  3177 | D:4      | Noticed Dowan
  3311 | D:5      | Found a shattered altar of Ashenzari.
  3427 | D:5      | Reached XP level 6. HP: 44/44 MP: 9/13
  3528 | D:5      | Reached skill level 5 in Spellcasting
  3782 | D:5      | Reached skill level 1 in Maces & Flails
  3849 | D:5      | Learned a level 5 spell: Borgnjor's Vile Clutch
  4652 | D:4      | Killed Duvessa
  4652 | D:4      | Reached XP level 7. HP: 9/50 MP: 6/15
  4663 | D:4      | Killed Dowan
  4862 | D:4      | Noticed Pikel
  5498 | D:6      | Found a stormy altar of Qazlal.
  5500 | D:6      | Noticed a water elemental
  5500 | D:6      | Noticed an air elemental
  5501 | D:6      | Noticed a fire elemental
  5543 | D:6      | Found a staircase to the Ecumenical Temple.
  5552 | Temple   | Entered the Ecumenical Temple
  5762 | Temple   | Became a worshipper of Kikubaaqudgha
  6318 | D:6      | Noticed Grinder
  6451 | D:7      | Noticed a hippogriff
  6480 | D:7      | Killed a hippogriff
  6480 | D:7      | Reached skill level 1 in Earth Magic
  6904 | D:7      | Reached XP level 8. HP: 50/56 MP: 1/17
  7283 | D:6      | Killed Grinder
  7621 | D:6      | HP: 1/56 [hog (12)]
  7624 | D:6      | Slain by a hog

Skill      XL: |  1  2  3  4  5  6  7  8 |
---------------+-------------------------+-----
Spellcasting   | 3 4 5 6 |  6.7
Necromancy     | 5 6 |  6.9
Fighting       | 1 2 |  2.2
Maces & Flails | 1 2 3 |  3.0
Dodging        | 2 3 |  3.3
Earth Magic    | 2 3 |  3.3
Slings         | |  0.2
Throwing       | |  0.3
Stealth        | |  1.5

Action                   |  1- 3 |  4- 6 |  7- 9 || total
-------------------------+-------+-------+-------++-------
Melee: Flail             |       |    49 |    21 ||    70
 Fire: Hunting sling     |    10 |     6 |       ||    16
Throw: Tomahawk          |       |     8 |     4 ||    12
       Stone             |       |     3 |     2 ||     5
 Cast: Pain              |    83 |    84 |    72 ||   239
       Animate Skeleton  |     8 |       |     1 ||     9
       Vampiric Draining |       |    10 |     9 ||    19
       Animate Dead      |       |    15 |     8 ||    23
       Borgnjor's Vile C |       |       |     3 ||     3
  Use: Scroll            |     2 |       |     4 ||     6
 Stab: Sleeping          |       |     1 |       ||     1
Armor: Robe              |    13 |    12 |    16 ||    41
Dodge: Dodged            |    17 |    74 |    73 ||   164
Block: Buckler           |       |     1 |       ||     1
